 Dungeon Crawl Stone Soup version 0.29-a0-1006-g0dd7720b37 (webtiles) character file.

Game seed: 2296702515984545680

2783 sammy202020 the Fighter (level 9, -5/74 HPs)
             Began as a Minotaur Fighter on Aug 7, 2022.
             Killed from afar by an electric eel (13 damage)
             ... with a bolt of electricity
             ... on level 6 of the Dungeon.
             The game lasted 00:09:53 (8588 turns).

sammy202020 the Fighter (Minotaur Fighter)          Turns: 8588, Time: 00:09:54

Health: -5/74      AC: 12    Str: 21    XL:     9   Next: 43%
Magic:  8/8        EV: 10    Int:  9    God:
Gold:   412        SH:  0    Dex: 16    Spells: 8/8 levels left

rFire   + . .      SeeInvis .   a - +0 war axe
rCold   + . .      Faith    .   c - +0 buckler
rNeg    . . .      Spirit   .   q - +1 chain mail
rPois   .          Reflect  .   (helmet restricted)
rElec   .          Harm     .   z - +0 cloak
rCorr   .          Rampage  .   (no gloves)
Will    .....                   (no boots)
Stlth   ..........              (no amulet)
HPRegen 0.22/turn               o - +6 ring of dexterity
MPRegen 0.11/turn               (no ring)

@: confused
A: horns 2, retaliatory headbutt, cold resistance 1, fire resistance 1, frail 1
a: no special abilities


You were on level 6 of the Dungeon.
You visited 1 branch of the dungeon, and saw 6 of its levels.
You also visited: Sewer.

You collected 412 gold pieces.

Inventory:

Hand Weapons
 a - a +0 war axe (weapon)
 f - a +1 whip of venom
 h - a +0 flail
Missiles
 y - a boomerang (quivered)
Armour
 c - a +0 buckler (worn)
 k - a +2 robe of fire resistance
 q - a +1 chain mail (worn)
 z - a +0 cloak (worn)
Jewellery
 o - a +6 ring of dexterity (left hand)
Wands
 x - a wand of flame (11)
Scrolls
 l - 2 scrolls of teleportation
 r - a scroll of summoning
Potions
 b - a potion of invisibility {unknown}
 d - a potion of flight
 e - a potion of might
 g - 2 potions of cancellation
 i - a potion of magic
 j - a potion of berserk rage
 t - a potion of mutation
 u - 3 potions of curing
 v - a potion of heal wounds


   Skills:
 * Level 9.1 Fighting
 * Level 8.6 Axes
 + Level 6.8 Armour
 + Level 5.3 Dodging
 + Level 6.8 Shields


You had 8 spell levels left.
You didn't know any spells.
Your spell library contained the following spells:

 Spells                   Type           Power      Damage    Failure   Level
 Freeze                   Ice            0%         1d3       99%         1
 Sublimation of Blood     Necr           0%         N/A       99%         2
 Wereblood                Tmut           0%         N/A       99%         2
 Frozen Ramparts          Ice            0%         1d1       100%        3
 Hailstorm                Conj/Ice       0%         3d3       100%        4
 Summon Hydra             Summ           0%         N/A       100%        7


Dungeon Overview and Level Annotations

Branches:
Dungeon (6/15)              Sewer (visited)
 Temple: D:4-7

Altars:
Kikubaaqudgha
Nemelex Xobeh
Sif Muna
Wu Jian

Annotations:
D:3 1 runed translucent door
D:6 1 transporter, Destinykillz's ghost, novice FoFi


Innate Abilities, Weirdness & Mutations

You have a pair of horns on your head.
You reflexively headbutt those who attack you in melee.
Your flesh is cold resistant. (rC+)
Your flesh is heat resistant. (rF+)
You are frail. (-10% HP)


Message History

Your will is overpowered!
You are more confused.
The centaur hits you with a +0 long sword.
The centaur barely misses you.
You nearly stumble into some deep water!
The centaur hits you but does no damage.
The centaur kicks you but does no damage.
You hit the centaur.
The centaur is heavily wounded.
The centaur barely misses you. x2
An electric eel comes into view.
The centaur hits you but does no damage.
The centaur kicks you but does no damage.
The centaur unwields a +0 long sword.
The centaur wields a +0 shortbow.
The centaur shoots an arrow.
The arrow hits you but does no damage.
You nearly stumble into some deep water!
The centaur shoots an arrow.
The arrow hits you but does no damage.
The centaur shoots an arrow.
The arrow closely misses you.
You nearly stumble into some deep water!
The centaur shoots an arrow.
The arrow hits you!
You nearly stumble into some deep water!
The centaur unwields a +0 shortbow.
The centaur wields a +0 long sword.
The centaur hits you with a +0 long sword!
The centaur closely misses you.
You barely miss the centaur. You headbutt the centaur.
The centaur is heavily wounded.
The electric eel shoots out a bolt of lightning at you!
The bolt of electricity hits you!
* * * LOW HITPOINT WARNING * * *
The centaur zaps a wand.
Your will is overpowered!
You are more confused.
You're too confused to move!
The centaur barely misses you. x2
The electric eel shoots out a bolt of lightning at you!
The bolt of electricity hits you!
* * * LOW HITPOINT WARNING * * *
The centaur barely misses you. x2
You slash the centaur!
You kill the centaur!
The electric eel shoots out a bolt of lightning at you!
The bolt of electricity hits you!
You die...

###########
#.........##
########........##
#.......≈≈≈≈≈≈≈..#####
#.≈≈≈≈≈≈......≈......##
#.≈.....#####.≈.##.#..#
#.≈.####....#.≈.......#
#.≈ #.)@≈≈≈?#.≈.###.#.#
#. #.≈≈._≈.#.≈.# #.#.##
# #.≈...≈.#.≈.# #...##
S.#...#.≈.#.≈# ###.##
.≈.#_.##.≈.#.≈####...#
#.≈.###. .≈.#.≈.....#..
#.≈ ≈ ≈≈.#.≈####~...
#.≈ .. .# ##... #.#.


You could see an electric eel.

Vanquished Creatures
  The ghost of drpainis the Covered, a novice HOFi of Beogh (D:4)
  The ghost of gebbletook2 the Trooper, a novice VSFi (D:3)
  Sigmund (D:2)
  The ghost of jlumianski the Chopper, an amateur DsGl (D:4)
  Edmund (D:4)
  A water moccasin (D:6)
  An ice beast (D:5)
  A sky beast (D:6)
  An ogre (D:5)
  2 centaurs
  A phantom (D:4)
  3 kobold brigands
  Blork the orc (D:5)
  2 necrophages (D:5)
  3 scorpions
  A howler monkey (D:3)
  A jelly (D:5)
  3 hounds
  3 orc priests
  Crazy Yiuf (D:5)
  3 iguanas
  3 orc wizards
  Ijyb (D:5)
  12 adders
  2 river rats
  2 shadow imps (D:5)
  2 white imps
  2 ufetubi
  A worm (D:4)
  2 dart slugs
  13 orcs
  12 ball pythons
  8 endoplasms
  7 giant cockroaches
  8 goblins
  5 hobgoblins
  3 jackals (D:4)
  14 kobolds
  4 quokkas
  6 bats
  4 frilled lizards
  10 rats
154 creatures vanquished.

Notes
Turn   | Place    | Note
-------+----------+-------------------------------------------
     0 | D:1      | sammy202020 the Minotaur Fighter began the quest for the
                  | Orb.
     0 | D:1      | Reached XP level 1. HP: 19/19 MP: 0/0
   233 | D:1      | Reached XP level 2. HP: 22/27 MP: 1/1
   477 | D:1      | Reached skill level 4 in Fighting
  1063 | D:2      | Reached XP level 3. HP: 32/33 MP: 2/2
  1229 | D:2      | Noticed Sigmund
  1242 | D:2      | HP: 1/33 [something (2)]
  1243 | D:2      | Killed Sigmund
  1244 | D:2      | Reached skill level 5 in Fighting
  1244 | D:2      | Reached skill level 1 in Dodging
  1244 | D:2      | Reached XP level 4. HP: 1/42 MP: 3/3
  1244 | D:2      | Reached XP level 5. HP: 2/48 MP: 4/4
  2418 | D:3      | Found a runed translucent door.
  2420 | D:3      | Noticed gebbletook2's ghost (novice VSFi)
  2503 | D:3      | Killed gebbletook2's ghost
  2504 | D:3      | Reached skill level 5 in Axes
  2504 | D:3      | Reached XP level 6. HP: 20/57 MP: 5/5
  2963 | D:3      | Found a shimmering blue altar of Sif Muna.
  3040 | D:3      | Reached skill level 6 in Fighting
  3271 | D:3      | Found an ancient bone altar of Kikubaaqudgha.
  3434 | D:3      | Reached XP level 7. HP: 63/63 MP: 6/6
  3441 | D:3      | Found a runed translucent door.
  3793 | D:4      | Reached skill level 5 in Armour
  3793 | D:4      | Reached skill level 5 in Shields
  4285 | D:4      | Noticed Edmund
  4295 | D:4      | Killed Edmund
  4304 | D:4      | Reached skill level 7 in Fighting
  4304 | D:4      | Reached XP level 8. HP: 35/73 MP: 7/7
  4492 | D:4      | Found a runed translucent gate.
  4493 | D:4      | Found a runed translucent gate.
  4493 | D:4      | Found a runed translucent gate.
  4494 | D:4      | Noticed jlumianski's ghost (amateur DsGl)
  4495 | D:4      | Noticed drpainis's ghost (novice HOFi)
  4510 | D:4      | Killed drpainis's ghost
  4518 | D:4      | HP: 1/73 [jlumianski's ghost (9)]
  4520 | D:4      | Killed jlumianski's ghost
  6010 | D:5      | Entered Level 5 of the Dungeon
  6169 | D:5      | Reached skill level 8 in Fighting
  6188 | D:5      | Found a runed translucent door.
  6189 | D:5      | Noticed Crazy Yiuf
  6247 | D:5      | Found a glowing drain.
  6265 | Sewer    | Entered a sewer
  7169 | D:5      | Reached XP level 9. HP: 82/82 MP: 8/8
  7306 | D:5      | Noticed Blork the orc
  7319 | D:5      | Killed Blork the orc
  7588 | D:5      | Reached skill level 5 in Dodging
  7660 | D:5      | Noticed Ijyb
  7668 | D:5      | Killed Ijyb
  8123 | D:5      | Killed Crazy Yiuf
  8157 | D:5      | Gained mutation: Your flesh is heat resistant. (rF+)
                  | [potion of mutation]
  8157 | D:5      | Gained mutation: Your flesh is cold resistant. (rC+)
                  | [potion of mutation]
  8157 | D:5      | Gained mutation: You are frail. (-10% HP) [potion of
                  | mutation]
  8319 | D:6      | Reached skill level 9 in Fighting
  8452 | D:6      | Found a transporter.
  8452 | D:6      | Noticed Destinykillz's ghost (novice FoFi)
  8570 | D:6      | Found a sparkling altar of Nemelex Xobeh.
  8573 | D:6      | Found an ornate altar of the Wu Jian Council.
  8588 | D:6      | Killed from afar by an electric eel

Illustrated notes

Levels and vault maps discovered:
D:1:      minmay_arrival_stair_chambers, layout_basic
D:2:      layout_loops_ring, uniq_sigmund
D:3:      layout_basic, amcnicky_altar_gilded, mainiacjoe_overflow_paths,
          ebering_ghost_sewer_f
D:4:      layout_basic, gammafunk_ghost_cemetery,
          nicolae_kite_square_tiling_tiny, uniq_edmund
D:5:      layout_gridville, serial_glass, glass_columns_a, glass_columns_a,
          portal_sewer_entry_b, minivault_4, uniq_ijyb, uniq_crazy_yiuf_cottage,
          uniq_blork_the_orc
D:6:      layout_loops_ring, nicolae_overflow_squiral,
          gammafunk_ghost_stat_death

Skill      XL: |  1  2  3  4  5  6  7  8  9 |
---------------+----------------------------+-----
Fighting       | 4 5 6 7 8 9 |  9.1
Axes           | 3 4 5 6 7 8 |  8.6
Armour         | 4 5 6 |  6.8
Dodging        | 1 2 3 4 5 |  5.3
Shields        | 4 5 6 |  6.8

Action                   |  1- 3 |  4- 6 |  7- 9 || total
-------------------------+-------+-------+-------++-------
Melee: War axe           |    64 |    81 |   249 ||   394
       Headbutt          |     8 |    14 |    46 ||    68
  Use: Scroll            |     1 |     2 |     9 ||    12
       Potion            |       |       |     9 ||     9
Armor: Scale mail        |    21 |    27 |    23 ||    71
       Chain mail        |       |       |   111 ||   111
Dodge: Dodged            |    20 |    47 |   106 ||   173
Block: Buckler           |    12 |    22 |    56 ||    90

Table legend: (Time is in decaauts)
 A = Elapsed time spent in this place.
 B = Non-inter-level travel time spent in this place.
 C = Inter-level travel time spent in this place.
 D = Time resting spent in this place.
 E = Time spent auto-exploring this place.
 F = Levels seen in this place.
 G = Mean time per level.
                   A        B        C        D        E       F      G
               +--------+--------+--------+--------+--------+-----+--------+
         Total |   8757 |   8734 |     23 |   2619 |   4836 |   7 | 1251.0 |
       Dungeon |   7853 |   7830 |     23 |   2165 |   4577 |   6 | 1308.8 |
         Sewer |    904 |    904 |      0 |    454 |    259 |   1 |  904.0 |
               +--------+--------+--------+--------+--------+-----+--------+

Top non-repeatable levels by time:
     D:4: 2273 daAuts
     D:3: 1446 daAuts
     D:5: 1405 daAuts
     D:2: 1345 daAuts
     D:1: 1014 daAuts
   Sewer: 904 daAuts
     D:6: 367 daAuts
